PAA
DURHAM RAPIERS @ MINNESOTA LOONS
07/30/2031
 
TOP OF THE 1ST
Durham Rapiers batting - Pitching for Minnesota Loons : LHP Luis Domínguez
Pitching: LHP Luis Domínguez
Batting: LHB Alberto Garza 0-0: Ball
1-0: SINGLE (Groundball, 4MD)
Batting: RHB Tomás Costello Pickoff Throw to First - Error! E1
Alberto Garza to second
0-0: Ball
1-0: SINGLE (Line Drive, 7S)
Alberto Garza to third
Runner from 3rd tries for Home, SAFE, no throw
Batting: RHB Tomás Duarte 0-0: SINGLE (Line Drive, 6D)
Tomás Costello to second
Batting: RHB Guillermo Mata 0-0: Ball
1-0: Fly out, F9 (Flyball, 89S)
Batting: RHB Mason Congdon 0-0: Swinging Strike
0-1: Foul Ball, location: 2F
0-2: Ball
1-2: Ball
2-2: Strikes out looking
Batting: RHB Raúl Moreno 0-0: Foul Ball, location: 2F
0-1: Ball
1-1: Foul Ball, location: 2F
1-2: Strikes out swinging
Top of the 1st over - 1 run, 3 hits, 1 error, 2 left on base; Durham 1 - Minnesota 0
BOTTOM OF THE 1ST
Minnesota Loons batting - Pitching for Durham Rapiers : LHP Archie Erickson
Pitching: LHP Archie Erickson
Batting: RHB Germán Espantoso 0-0: Ground out 3-1 (Groundball, 34S)
Batting: RHB Dhyana Snigdha 0-0: Called Strike
0-1: Swinging Strike
0-2: Ball
1-2: SINGLE (Flyball, 78S)
Batting: RHB Jorge Echevarría 0-0: Ball
1-0: Foul Ball, location: 2F
1-1: Ball
2-1: Called Strike
2-2: Ball
3-2: Base on Balls
Dhyana Snigdha to second
Batting: RHB Júlio Vargas 0-0: Ball
1-0: Foul Ball, location: 2F
1-1: Foul Ball, location: 2F
1-2: Strikes out swinging
Batting: RHB José de la Cavallería 0-0: DOUBLE (Line Drive, 78M)
Dhyana Snigdha scores
Jorge Echevarría to third
Batting: RHB Luis Delvalle 0-0: Ball
1-0: Swinging Strike
1-1: Foul Ball, location: 2F
1-2: Ball
2-2: Ground out 5-3 (Groundball, 56)
Bottom of the 1st over - 1 run, 2 hits, 0 errors, 2 left on base; Durham 1 - Minnesota 1
TOP OF THE 2ND
Durham Rapiers batting - Pitching for Minnesota Loons : LHP Luis Domínguez
Batting: RHB Yoshi Kouda 0-0: Ball
1-0: Foul Ball, location: 2F
1-1: Ball
2-1: Foul Ball, location: 2F
2-2: Ground out 6-3 (Groundball, 6)
Batting: LHB Glen Allen Mixon 0-0: Called Strike
0-1: Fly out, F4 (Line Drive, 4)
Batting: SHB Fernando Rincón 0-0: Called Strike
0-1: Swinging Strike
0-2: Ball
1-2: SINGLE (Line Drive, 89S)
Batting: LHB Alberto Garza 0-0: Called Strike
0-1: Swinging Strike
0-2: Strikes out looking
Top of the 2nd over - 0 runs, 1 hit, 0 errors, 1 left on base; Durham 1 - Minnesota 1
BOTTOM OF THE 2ND
Minnesota Loons batting - Pitching for Durham Rapiers : LHP Archie Erickson
Batting: RHB Tabor Muzquiz 0-0: Ball
1-0: Foul Ball, location: 2F
1-1: Ball
2-1: Ball
3-1: Base on Balls
Batting: RHB Rubén Medina 0-0: Called Strike
0-1: Reached on error, E6 (Groundball, 6)
Tabor Muzquiz to second
Batting: LHB Bennett Whitford 0-0: SINGLE (Line Drive, 9S)
Tabor Muzquiz to third
Rubén Medina to second
Batting: RHB Germán Espantoso 0-0: Ground out 6-3 (Groundball, 6MS)
Tabor Muzquiz scores
Rubén Medina to third
Bennett Whitford to second
Batting: RHB Dhyana Snigdha 0-0: Ball
1-0: Foul Ball, location: 2F
1-1: SINGLE (Line Drive, 9LM)
Rubén Medina scores
Bennett Whitford to third
Runner from 3rd tries for Home, SAFE, no throw
Batting: RHB Jorge Echevarría 0-0: Ball
1-0: Swinging Strike
1-1: Called Strike
1-2: Fly out, F7 (Flyball, 7LD)
Batting: RHB Júlio Vargas 0-0: Ball
1-0: Swinging Strike
1-1: Ball
2-1: Foul Ball, location: 2F
2-2: Ball
3-2: Foul Ball, location: 2F
3-2: Foul Ball, location: 2F
3-2: Foul Ball, location: 2F
3-2: Strikes out looking
Bottom of the 2nd over - 3 runs, 2 hits, 1 error, 1 left on base; Durham 1 - Minnesota 4
TOP OF THE 3RD
Durham Rapiers batting - Pitching for Minnesota Loons : LHP Luis Domínguez
Batting: RHB Tomás Costello 0-0: Ball
1-0: Ball
2-0: Called Strike
2-1: Called Strike
2-2: Foul Ball, location: 2F
2-2: Foul Ball, location: 2F
2-2: Ball
3-2: Ground out 4-3 (Groundball, 4S)
Batting: RHB Tomás Duarte 0-0: Ball
1-0: Foul Ball, location: 2F
1-1: Ground out 5-3 (Groundball, 5L)
Batting: RHB Guillermo Mata 0-0: SOLO HOME RUN (Flyball, 7D), Distance : 355 ft
Batting: RHB Mason Congdon 0-0: Called Strike
0-1: Swinging Strike
0-2: Strikes out swinging
Top of the 3rd over - 1 run, 1 hit, 0 errors, 0 left on base; Durham 2 - Minnesota 4
BOTTOM OF THE 3RD
Minnesota Loons batting - Pitching for Durham Rapiers : LHP Archie Erickson
Batting: RHB José de la Cavallería 0-0: Ball
1-0: SINGLE (Line Drive, 6)
Batting: RHB Luis Delvalle 0-0: Foul Ball, location: 2F
0-1: Swinging Strike
0-2: Ball
1-2: Foul Ball, location: 2F
1-2: Strikes out swinging
Batting: RHB Tabor Muzquiz 0-0: Called Strike
0-1: Ball
1-1: Called Strike
1-2: Strikes out swinging
Batting: RHB Rubén Medina 0-0: Called Strike
0-1: Ball
1-1: Ball
2-1: Foul Ball, location: 2F
2-2: Foul Ball, location: 2F
2-2: Foul Ball, location: 2F
2-2: Reached on error, E6 (Groundball, 6)
José de la Cavallería to second
Batting: LHB Bennett Whitford 0-0: Fielders Choice at 2nd, 5-4 (Groundball, 56)
Bottom of the 3rd over - 0 runs, 1 hit, 1 error, 2 left on base; Durham 2 - Minnesota 4
TOP OF THE 4TH
Durham Rapiers batting - Pitching for Minnesota Loons : LHP Luis Domínguez
Batting: RHB Raúl Moreno 0-0: Ball
1-0: Fly out, F9 (Flyball, 89S)
Batting: RHB Yoshi Kouda 0-0: Called Strike
0-1: Called Strike
0-2: Ball
1-2: Foul Ball, location: 2F
1-2: SINGLE (Groundball, 25) (infield hit)
Batting: LHB Glen Allen Mixon 0-0: Called Strike
0-1: Foul Ball, location: 2F
0-2: Strikes out looking
Batting: SHB Fernando Rincón 0-0: Ball
1-0: Swinging Strike
1-1: Swinging Strike
1-2: Ball
2-2: Fly out, F4 (Line Drive, 4)
Top of the 4th over - 0 runs, 1 hit, 0 errors, 1 left on base; Durham 2 - Minnesota 4
BOTTOM OF THE 4TH
Minnesota Loons batting - Pitching for Durham Rapiers : LHP Archie Erickson
Batting: RHB Germán Espantoso 0-0: Called Strike
0-1: Foul Ball, location: 2F
0-2: Strikes out swinging
Batting: RHB Dhyana Snigdha 0-0: Called Strike
0-1: Fly out, F9 (Line Drive, 9D)
Batting: RHB Jorge Echevarría 0-0: Ball
1-0: Reached via error on a dropped throw, E3
Batting: RHB Júlio Vargas 0-0: Ball
1-0: Called Strike
1-1: Ball
2-1: Ball
3-1: 2-RUN HOME RUN (Flyball, 7LD), Distance : 345 ft
Batting: RHB José de la Cavallería 0-0: Ball
1-0: DOUBLE (Flyball, 8LD)
Pitching: RHP Archibald Bridgestone
Batting: RHB Luis Delvalle 0-0: Called Strike
0-1: Ball
1-1: Swinging Strike
1-2: Strikes out looking
Bottom of the 4th over - 2 runs, 2 hits, 1 error, 1 left on base; Durham 2 - Minnesota 6
TOP OF THE 5TH
Durham Rapiers batting - Pitching for Minnesota Loons : LHP Luis Domínguez
Batting: LHB Alberto Garza 0-0: Ball
1-0: Swinging Strike
1-1: Called Strike
1-2: Ball
2-2: Foul Ball, location: 2F
2-2: Foul Ball, location: 2F
2-2: Ball
3-2: Ground out 6-3 (Groundball, 6)
Batting: RHB Tomás Costello 0-0: Fly out, F5 (Line Drive, 56)
Batting: RHB Tomás Duarte 0-0: Foul Ball, location: 2F
0-1: Ball
1-1: Foul Ball, location: 2F
1-2: Foul Ball, location: 2F
1-2: Foul Ball, location: 2F
1-2: Ball
2-2: Ground out 4-3 (Groundball, 4M)
Top of the 5th over - 0 runs, 0 hits, 0 errors, 0 left on base; Durham 2 - Minnesota 6
BOTTOM OF THE 5TH
Minnesota Loons batting - Pitching for Durham Rapiers : RHP Archibald Bridgestone
Batting: RHB Tabor Muzquiz 0-0: Ball
1-0: Called Strike
1-1: Ball
2-1: Foul Ball, location: 2F
2-2: SOLO HOME RUN (Flyball, 9LD), Distance : 333 ft
Batting: RHB Rubén Medina 0-0: Called Strike
0-1: SINGLE (Groundball, 6MD)
Batting: LHB Bennett Whitford 0-0: TRIPLE (Line Drive, 8RXD)
Rubén Medina scores
Batting: RHB Germán Espantoso 0-0: Ball
1-0: Foul Ball, location: 2F
1-1: Foul Ball, location: 2F
1-2: Ball
2-2: Ball
3-2: DOUBLE (Line Drive, 9LS)
Bennett Whitford scores
Batting: RHB Dhyana Snigdha 0-0: Ball
1-0: SINGLE (Groundball, 4MD)
Germán Espantoso to third
Runner from 3rd tries for Home, SAFE, no throw
Batting: RHB Jorge Echevarría 0-0: Swinging Strike
0-1: Ball
1-1: Swinging Strike
1-2: Strikes out swinging
Batting: RHB Júlio Vargas 0-0: Called Strike
0-1: Called Strike
0-2: Ball
1-2: Ball
2-2: Strikes out swinging
Batting: RHB José de la Cavallería 0-0: Called Strike
Dhyana Snigdha is caught stealing 2nd base
Bottom of the 5th over - 4 runs, 5 hits, 0 errors, 0 left on base; Durham 2 - Minnesota 10
TOP OF THE 6TH
Durham Rapiers batting - Pitching for Minnesota Loons : LHP Luis Domínguez
Batting: RHB Guillermo Mata 0-0: Ball
1-0: Ball
2-0: Called Strike
2-1: Called Strike
2-2: Ball
3-2: Base on Balls
Batting: RHB Mason Congdon 0-0: Ball
1-0: Called Strike
1-1: Fly out, F4 (Popup, 4D)
Batting: RHB Raúl Moreno 0-0: Called Strike
0-1: Ball
1-1: Fly out, F7 (Flyball, 7LDF)
Batting: RHB Yoshi Kouda 0-0: Called Strike
0-1: Called Strike
0-2: Ball
1-2: Ball
2-2: Ball
3-2: Ground out U3 (Groundball, 2R)
Top of the 6th over - 0 runs, 0 hits, 0 errors, 1 left on base; Durham 2 - Minnesota 10
BOTTOM OF THE 6TH
Minnesota Loons batting - Pitching for Durham Rapiers : RHP Archibald Bridgestone
Batting: RHB José de la Cavallería 0-0: Called Strike
0-1: Ball
1-1: Ball
2-1: Foul Ball, location: 2F
2-2: Ball
3-2: Base on Balls
Batting: RHB Luis Delvalle 0-0: Ball
1-0: Ball
2-0: Called Strike
2-1: Ball
3-1: Base on Balls
José de la Cavallería to second
Batting: RHB Tabor Muzquiz 0-0: Foul Ball, location: 2F
0-1: Ball
1-1: DOUBLE (Groundball, 5L)
José de la Cavallería scores
Luis Delvalle to third
Batting: RHB Rubén Medina 0-0: Ball
1-0: Called Strike
1-1: Ball
2-1: Swinging Strike
2-2: Foul Ball, location: 2F
2-2: Fly out, F8 (Flyball, 8LM)
Runner from 3rd tags up, SCORES, throw made
Batting: LHB Bennett Whitford 0-0: Called Strike
0-1: Swinging Strike
0-2: Foul Ball, location: 2F
0-2: Fly out, F8 (Flyball, 8RM)
Batting: RHB Germán Espantoso 0-0: Ball
1-0: Reached on error, E5 (Groundball, 5L)
Tabor Muzquiz to third
Batting: RHB Dhyana Snigdha 0-0: Ball
1-0: SINGLE (Flyball, 89S)
Tabor Muzquiz scores
Germán Espantoso to second
Runner from 2nd tries for 3rd, SAFE, no throw
Batting: RHB Jorge Echevarría 0-0: Ball
1-0: Ball
2-0: Called Strike
2-1: Foul Ball, location: 2F
2-2: Ball
3-2: Foul Ball, location: 2F
3-2: Base on Balls
Dhyana Snigdha to second
Batting: RHB Júlio Vargas 0-0: Ball
1-0: Called Strike
1-1: Called Strike
1-2: Ball
2-2: Strikes out swinging
Bottom of the 6th over - 3 runs, 2 hits, 1 error, 3 left on base; Durham 2 - Minnesota 13
TOP OF THE 7TH
Durham Rapiers batting - Pitching for Minnesota Loons : LHP Luis Domínguez
Batting: LHB Glen Allen Mixon 0-0: Swinging Strike
0-1: SINGLE (Line Drive, 34D)
Batting: SHB Fernando Rincón 0-0: Ball
1-0: Ball
2-0: Ball
3-0: Called Strike
3-1: Called Strike
3-2: Foul Ball, location: 2F
3-2: Ground out 3-1 (Groundball, 34S)
Glen Allen Mixon to second
Pitching: RHP Martyn Drdio
Batting: LHB Alberto Garza 0-0: Called Strike
0-1: Foul Ball, location: 2F
0-2: Ball
1-2: Ball
2-2: Ball
3-2: TRIPLE (Line Drive, 89XD)
Glen Allen Mixon scores
Batting: RHB Tomás Costello 0-0: Ball
1-0: Swinging Strike
1-1: Foul Ball, location: 2F
1-2: Foul Ball, location: 2F
1-2: Foul Ball, location: 2F
1-2: Ball
2-2: Foul Ball, location: 2F
2-2: Strikes out swinging
Batting: RHB Tomás Duarte 0-0: Called Strike
0-1: Called Strike
0-2: Foul Ball, location: 2F
0-2: Foul Ball, location: 2F
0-2: Strikes out swinging
Top of the 7th over - 1 run, 2 hits, 0 errors, 1 left on base; Durham 3 - Minnesota 13
BOTTOM OF THE 7TH
Minnesota Loons batting - Pitching for Durham Rapiers : RHP Archibald Bridgestone
Batting: RHB José de la Cavallería 0-0: Ball
1-0: Called Strike
1-1: Fly out, F8 (Flyball, 8LD)
Batting: RHB Luis Delvalle 0-0: Ball
1-0: Ball
2-0: SINGLE (Groundball, 6MD)
Batting: RHB Tabor Muzquiz 0-0: Reached on error, E5 (Groundball, 56)
Luis Delvalle to second
Batting: RHB Rubén Medina 0-0: Called Strike
0-1: Called Strike
0-2: Ball
1-2: Ball
2-2: Strikes out swinging
Batting: LHB Bennett Whitford 0-0: Called Strike
0-1: Ball
1-1: Foul Ball, location: 2F
1-2: Fly out, F6 (Popup, 6M)
Bottom of the 7th over - 0 runs, 1 hit, 1 error, 2 left on base; Durham 3 - Minnesota 13
TOP OF THE 8TH
Durham Rapiers batting - Pitching for Minnesota Loons : RHP Martyn Drdio
Batting: RHB Guillermo Mata 0-0: Ball
1-0: Ground out 6-3 (Groundball, 6)
Batting: RHB Mason Congdon 0-0: Called Strike
0-1: Ball
1-1: Ball
2-1: Called Strike
2-2: Fly out, F5 (Popup, 25F)
Batting: RHB Raúl Moreno 0-0: Ball
1-0: Swinging Strike
1-1: Ball
2-1: Called Strike
2-2: Strikes out looking
Top of the 8th over - 0 runs, 0 hits, 0 errors, 0 left on base; Durham 3 - Minnesota 13
BOTTOM OF THE 8TH
Minnesota Loons batting - Pitching for Durham Rapiers : RHP Archibald Bridgestone
Batting: RHB Germán Espantoso 0-0: Ball
1-0: Called Strike
1-1: Foul Ball, location: 2F
1-2: Fly out, F7 (Flyball, 7)
Batting: RHB Dhyana Snigdha 0-0: Ball
1-0: Called Strike
1-1: Foul Ball, location: 2F
1-2: Ball
2-2: Ball
3-2: Ground out 5-3 (Groundball, 56S)
Batting: RHB Jorge Echevarría 0-0: Ground out 6-3 (Groundball, 6)
Bottom of the 8th over - 0 runs, 0 hits, 0 errors, 0 left on base; Durham 3 - Minnesota 13
TOP OF THE 9TH
Durham Rapiers batting - Pitching for Minnesota Loons : RHP Martyn Drdio
Now in RF: Héctor Espiga
Batting: RHB Yoshi Kouda 0-0: Ball
1-0: Fly out, F9 (Flyball, 9LM)
Batting: LHB Glen Allen Mixon 0-0: Ball
1-0: Called Strike
1-1: Fly out, F7 (Flyball, 7LS)
Batting: SHB Fernando Rincón 0-0: Called Strike
0-1: Called Strike
0-2: Foul Ball, location: 2F
0-2: SINGLE (Groundball, 4MD)
Pinch Hitting: RHB Armando Chamú 0-0: Ball
1-0: Ball
2-0: Called Strike
2-1: Fly out, F8 (Flyball, 8LS)
Top of the 9th over - 0 runs, 1 hit, 0 errors, 1 left on base; Durham 3 - Minnesota 13
Tuesday, June 12th, 2018 - OOTP Baseball 18.8 Build 76